 Dungeon Crawl Stone Soup version 0.29.1-1-gd02db6906a (webtiles) character file.

Game seed: 15637608441289507913

63 xian the Chopper (level 4, -1/39 HPs)
             Began as a Naga Gladiator on Oct 4, 2022.
             Was a Believer of Zin.
             Slain by Grinder (5 damage)
             ... on level 3 of the Dungeon.
             The game lasted 00:04:44 (2268 turns).

xian the Chopper (Naga Gladiator)                   Turns: 2268, Time: 00:04:44

Health: -1/39      AC:  4    Str: 19    XL:     4   Next: 9%
Magic:  4/4        EV: 10    Int:  8    God:    Zin [**....]
Gold:   91         SH:  0    Dex: 12    Spells: 3/3 levels left

rFire   x . .      SeeInvis +   a - +0 war axe
rCold   + . .      Faith    .   i - orb {light}
rNeg    . . .      Spirit   .   b - +0 leather armour
rPois   +          Reflect  .   c - +0 helmet
rElec   .          Harm     .   (no cloak)
rCorr   .          Rampage  .   (no gloves)
Will    .....                   (no barding)
Stlth   +.........              (no amulet)
HPRegen 0.13/turn               k - ring of flight
MPRegen 0.09/turn               r - ring of ice

@: flying, glowing, very slow
A: AC +1, large, see invisible, deformed body, poison resistance, slowness 2,
spit poison 1, naga tail 1
a: Spit Poison, Renounce Religion, Recite, Vitalisation, Donate Gold


You were on level 3 of the Dungeon.
You worshipped Zin.
Zin was pleased with you.
You visited 1 branch of the dungeon, and saw 3 of its levels.

You collected 101 gold pieces.
You donated 10 gold pieces to Zin.

Inventory:

Hand Weapons
 a - a +0 war axe (weapon)
Missiles
 d - 3 throwing nets
 e - a javelin
 n - 6 silver boomerangs (quivered)
Armour
 b - a +0 leather armour (worn)
 c - a +0 helmet (worn)
 i - an orb of light (worn)
Jewellery
 k - a ring of flight (left hand)
 r - a ring of ice (right hand)
Scrolls
 g - a scroll of acquirement {unknown}
 h - a scroll of magic mapping {unknown}
 j - a scroll of amnesia {unknown}
 l - 4 scrolls of identify {unknown}
 o - a scroll of vulnerability {unknown}
 q - a scroll of teleportation {unknown}
 s - 2 scrolls of butterflies {unknown}
Potions
 f - a potion of flight {unknown}
 m - a potion of heal wounds {unknown}
 p - a potion of curing {unknown}


   Skills:
 + Level 2.3 Fighting
 + Level 4.0 Axes
 + Level 1.9 Throwing
 + Level 1.3 Armour
 + Level 2.6 Dodging


You had 3 spell levels left.
You didn't know any spells.
Your spell library was empty.

Dungeon Overview and Level Annotations

Branches:
Dungeon (3/15)

Altars:
Zin

Shops:
D:2 (

Annotations:
D:3 Grinder


Innate Abilities, Weirdness & Mutations

Your serpentine skin is tough. (AC +1)
You have supernaturally acute eyesight. (SInv)
Armour fits poorly on your strangely shaped body.
Your system is resistant to poisons. (rPois)
You cover ground very slowly.
You can spit poison.
You have a snake-like lower body.


Message History

Aiming: Spit Poison (1% risk of failure)
Press: ? - help, Shift-Dir - straight line, f - Grinder
Aim: Grinder (54% to hit)
The splash of poison hits Grinder.
Grinder is lightly wounded.
A giant cockroach comes into view.
Grinder says, "I used to sell toenails on the black market."
Grinder gestures at you. Pain shoots through your body!
Grinder blinks!
You start resting.
You have got your breath back.
You start resting.
Grinder is nearby!
Aiming: Spit Poison (1% risk of failure)
Press: ? - help, Shift-Dir - straight line, f/p - Grinder
Aim: Grinder (lightly wounded, haloed, 73% to hit)
The splash of poison hits Grinder.
Grinder is poisoned.
Grinder is lightly wounded.
Grinder gestures at you. Pain shoots through your body!
Grinder barely misses you.
You slash Grinder!
Grinder is moderately wounded.
Grinder grins, showing sharp teeth.
Grinder completely misses you. Grinder hits you.
You writhe in agony.
You hit Grinder but do no damage.
Grinder is moderately wounded.
You have got your breath back.
Grinder barely misses you.
You barely miss Grinder.
Grinder is heavily wounded.
Grinder looks more healthy.
Grinder hits you!
* * * LOW HITPOINT WARNING * * *
You slash Grinder!
Grinder is severely wounded.
Grinder completely misses you. Grinder hits you.
* * * LOW HITPOINT WARNING * * *
You writhe in agony.
You die...

#........###
#########.##.......#
.......##.##.###.#.#
####.........# #.#.#
#.......#.#### #.#.#
#...####### #.#.#
#...############)#.#
#...#...##.......#.#
#.8.#.<.# #.....@..#
#...#...# #######5.#
##'###+###### #..#
........#...# ...#
......⌠.+.<.# .#.##
........#...# ....#
##'###†#######. ..#
#...#)..# #. ..#
#.8.#.<.# . B.##


You could see Grinder.

Vanquished Creatures
  2 adders (D:2)
  A dart slug (D:2)
  2 endoplasms
  3 giant cockroaches
  2 goblins
  5 hobgoblins (D:2)
  5 kobolds
  A quokka (D:2)
  5 ball pythons
  5 bats
  10 frilled lizards
  2 rats
43 creatures vanquished.

Vanquished Creatures (others)
  10 plants (D:2)
10 creatures vanquished.

Grand Total: 53 creatures vanquished

Notes
Turn   | Place    | Note
-------+----------+-------------------------------------------
     0 | D:1      | xian the Naga Gladiator began the quest for the Orb.
     0 | D:1      | Reached XP level 1. HP: 19/19 MP: 1/1
   875 | D:1      | Reached XP level 2. HP: 26/26 MP: 2/2
   875 | D:1      | Found a faded altar of an unknown god.
   915 | D:1      | Prayed at the altar of an unknown god.
   915 | D:1      | Became a worshipper of Zin the Law-Giver
   915 | D:1      | Reached * piety under Zin
  1603 | D:2      | Reached XP level 3. HP: 30/32 MP: 3/3
  1605 | D:2      | Reached skill level 1 in Armour
  1685 | D:2      | Reached ** piety under Zin
  1780 | D:2      | Found Duzi's Antique Weapon Emporium.
  1985 | D:2      | Reached XP level 4. HP: 35/39 MP: 4/4
  2199 | D:3      | Reached skill level 4 in Axes
  2250 | D:3      | Noticed Grinder
  2251 | D:3      | Paralysed by Grinder for 2 turns
  2268 | D:3      | Slain by Grinder

Illustrated notes

Levels and vault maps discovered:
D:1:      eino_arrival_druids_welcome, layout_basic,
          shapermc_ecumenical_altar_notcrosses, dk_noncrumbling_3
D:2:      layout_basic, serial_shops, nicolae_diamond_shop, minmay_lizard_king
D:3:      layout_loops_corners, mainiacjoe_overflow_catwalk,
          mainiacjoe_overflow_boulevard, kennysheep_flooded_box,
          nicolae_elevator_lobby_plus, uniq_grinder, uniq_crazy_yiuf_cottage,
          uniq_jessica, uniq_robin, uniq_ijyb

Skill      XL: |  1  2  3  4 |
---------------+-------------+-----
Armour         | 1 |  1.3
Axes           | 4 |  4.0
Fighting       | |  2.3
Throwing       | |  1.9
Dodging        | |  2.6

Action                   |  1- 3 |  4- 6 || total
-------------------------+-------+-------++-------
Melee: War axe           |    66 |     6 ||    72
 Abil: Spit Poison       |     9 |     7 ||    16
Armor: Leather armour    |    33 |     1 ||    34
Dodge: Dodged            |    46 |     4 ||    50
